 Dungeon Crawl Stone Soup version 0.21.1-1-g345015fe64 (webtiles) character file.

119 Ludini the Conjurer (level 4, 0/30 HPs)
             Began as a Demonspawn Conjurer on Feb 27, 2018.
             Slain by Purgy (3 damage)
             ... in a sewer.
             The game lasted 00:05:14 (2268 turns).

Ludini the Conjurer (Demonspawn Conjurer)           Turns: 2268, Time: 00:05:14

Health: 0/30       AC:  3    Str:  8    XL:     4   Next: 73%
Magic:  1/7        EV:  9    Int: 18    God:
Gold:   123        SH:  0    Dex: 13    Spells: 4/7 levels left

rFire    . . .     SeeInvis .   f - +2 short sword (drain)
rCold    . . .     Gourm    .   (no shield)
rNeg     . . .     Faith    .   a - +0 robe
rPois    .         Spirit   .   (helmet restricted)
rElec    .         Reflect  .   (no cloak)
rCorr    .         Harm     .   (no gloves)
MR       .....                  (no boots)
Stlth    ++........             (no amulet)
HPRegen  0.10/turn              (no ring)
MPRegen  0.10/turn              (no ring)

@: constricted
A: horns 1, rugged brown scales 1, demonic guardian 1
a: no special abilities


You were in a sewer.
You were not hungry.

You visited 1 branch of the dungeon, and saw 3 of its levels.
You also visited: Sewer.

You collected 123 gold pieces.

Inventory:

Hand Weapons
 f - a +2 short sword of draining (weapon)
Armour
 a - a +0 robe (worn)
Scrolls
 e - a scroll of enchant weapon {unknown}
 i - a scroll of identify
Potions
 d - a potion of lignification
 g - a potion of might {unknown}
 h - a potion of mutation {unknown}
Books
 b - a book of Conjurations

   Spells                             Type                      Level
   a - Magic Dart                     Conjuration                  1
   b - Searing Ray                    Conjuration                  2
   c - Dazzling Spray                 Conjuration/Hexes            3
   d - Fulminant Prism                Conjuration/Hexes            4
   e - Force Lance                    Conjuration/Translocation    4
   f - Iskenderun's Mystic Blast      Conjuration                  4
Comestibles
 c - 4 rations
 j - 5 chunks of flesh


   Skills:
 - Level 1.7 Dodging
 - Level 1.7 Stealth
 - Level 2.0 Spellcasting
 + Level 6.2 Conjurations


You had 4 spell levels left.
You knew the following spells:

 Your Spells              Type           Power        Failure   Level  Hunger
a - Magic Dart            Conj           ###.         1%          1    #......
b - Searing Ray           Conj           ###...       2%          2    ###....


Dungeon Overview and Level Annotations

Branches:
Dungeon (3/15)

Altars:
Dithmenos

Annotations:
Sewer Purgy


Innate Abilities, Weirdness & Mutations

You have a pair of small horns on your head.
You are partially covered in rugged brown scales. (AC +1, +3% HP)
A weak demonic guardian rushes to your aid.


Message History

* * * LOW HITPOINT WARNING * * *
Purgy claws you.
* * * LOW HITPOINT WARNING * * *
The ball python bites you but does no damage.
The ball python constricts you.
You hit Purgy. You drain Purgy!
Purgy is almost dead.
Purgy bites you but does no damage. Purgy claws you.
* * * LOW HITPOINT WARNING * * *
Purgy completely misses you. The ball python barely misses you.
The ball python constricts you. Purgy barely misses you. x2
Purgy closely misses you.
You completely miss Purgy.
Purgy is almost dead.
The ball python closely misses you. The ball python constricts you.
The ball python barely misses you. The ball python constricts you.
Purgy bites you.
* * * LOW HITPOINT WARNING * * *
Purgy claws you but does no damage. Purgy claws you.
You die...

##########≈###
≈≈#≈≈≈≈≈#≈≈≈≈####
≈≈≈≈≈≈≈≈≈≈≈≈≈≈≈≈#
≈≈≈≈≈≈≈≈≈≈≈≈≈≈≈###
≈≈≈≈≈≈≈≈≈≈≈≈≈≈≈≈≈###
≈≈≈≈≈≈≈≈≈≈≈≈≈≈≈≈≈≈≈##
≈≈≈≈≈≈S≈≈≈≈≈≈≈≈≈≈≈≈≈#
≈≈≈≈≈lT@5≈≈≈≈≈≈≈≈≈≈≈##
≈≈≈.≈.###≈≈≈≈≈≈≈≈≈≈≈≈#
≈≈..# #...≈≈≈≈≈≈≈≈≈##
≈.# ###≈≈≈≈≈≈≈≈≈≈≈# #
##.#.≈≈≈≈≈≈≈#
####≈≈≈≈≈≈≈# #÷≈≈≈≈≈≈≈
#..≈≈≈≈## ##.≈≈≈≈≈#


You could see Purgy, a ball python, a frilled lizard and a friendly iron imp.

Vanquished Creatures
  5 adders
  A river rat (D:3)
  A worm (D:3)
  2 dart slugs
  2 leopard geckos (D:1)
  4 giant cockroaches (D:3)
  11 goblins
  5 hobgoblins
  2 jackals (D:3)
  8 kobolds
  2 quokkas (D:2)
  A ball python (D:1)
  5 bats
  2 frilled lizards
  4 rats
55 creatures vanquished.

Notes
Turn   | Place    | Note
-------+----------+-------------------------------------------
     0 | D:1      | Ludini the Demonspawn Conjurer began the quest for the Orb.
     0 | D:1      | Reached XP level 1. HP: 13/13 MP: 3/3
   272 | D:1      | Gained mutation: You have a pair of small horns on your head. [demonic ancestry]
   272 | D:1      | Reached XP level 2. HP: 18/19 MP: 0/5
   867 | D:2      | Learned a level 2 spell: Searing Ray
   911 | D:2      | Reached skill level 5 in Conjurations
   947 | D:2      | Gained mutation: A weak demonic guardian rushes to your aid. [demonic ancestry]
   947 | D:2      | Reached XP level 3. HP: 24/24 MP: 4/6
  1443 | D:2      | Gained mutation: You are partially covered in rugged brown scales. (AC +1, +3% HP) [demonic ancestry]
  1443 | D:2      | Reached XP level 4. HP: 23/30 MP: 1/7
  1905 | D:3      | Found a shadowy altar of Dithmenos.
  2056 | D:3      | Found a glowing drain.
  2089 | D:3      | Reached skill level 6 in Conjurations
  2196 | Sewer    | Entered a sewer
  2257 | Sewer    | Noticed Purgy
  2268 | Sewer    | Slain by Purgy

Skill      XL: |  1  2  3  4 |
---------------+-------------+-----
Conjurations   | 5 6 |  6.2
Dodging        | |  1.7
Stealth        | |  1.7
Spellcasting   | |  2.0

Action                   |  1- 3 |  4- 6 || total
-------------------------+-------+-------++-------
Melee: Short sword       |     7 |    20 ||    27
 Cast: Magic Dart        |    59 |    42 ||   101
       Searing Ray       |     2 |     2 ||     4
  Use: Scroll            |       |     3 ||     3
  Eat: Chunk             |     2 |     4 ||     6
Armor: Robe              |     7 |    14 ||    21
Dodge: Dodged            |    14 |    39 ||    53
